 Dungeon Crawl Stone Soup version 0.31.0-9-g3a7656b989 (webtiles) character file.

Game seed: 3345054622705304754

38 qw the Shooter (level 3, 0/20 HPs)
             Began as a Deep Elf Hunter on Feb 2, 2024.
             Succumbed to a goblin's poison
             ... on level 2 of the Dungeon.
             The game lasted 00:00:03 (1211 turns).

qw the Shooter (Deep Elf Hunter)                    Turns: 1211, Time: 00:00:04

Health: 0/20       AC:  6    Str: 10    XL:     3   Next: 25%
Magic:  5/5        EV: 11    Int: 13    God:
Gold:   81         SH:  0    Dex: 18    Spells: 2/2 levels left

rFire   . . .        a - +0 shortbow
rCold   . . .        (shield currently unavailable)
rNeg    . . .        g - +1 ring mail
rPois   .            (no helmet)
rElec   .            (no cloak)
rCorr   .            (no gloves)
SInv    .            (no boots)
Will    .....        (no amulet)
Stlth   +            (no ring)
HPRegen 0.23/turn    (no ring)
MPRegen 0.09/turn

%: no passive effects
@: lethally poisoned (0 -> -4), about to teleport
A: no striking features
a: no special abilities


You were on level 2 of the Dungeon.
You visited 1 branch of the dungeon, and saw 2 of its levels.

You collected 81 gold pieces.


   Skills:
 - Level 1.5 Fighting
 + Level 6.8 Ranged Weapons
 - Level 2.4 Dodging
 - Level 1.2 Stealth


You had 2 spell levels left.
You didn't know any spells.
Your spell library was empty.

Inventory:

Hand Weapons
 a - a +0 shortbow (weapon)
Armour
 g - a +1 ring mail (worn)
Potions
 b - a potion of heal wounds {unknown}
 f - a potion of curing

Dungeon Overview and Level Annotations

Branches:
Dungeon (2/15)

Altars:


Message History

The ribbon worm bites you but does no damage.
You shoot an arrow.
The arrow hits the ribbon worm but does no damage.
The ribbon worm is severely wounded.
The goblin hits you but does no damage.
You are poisoned.
You shoot an arrow. The arrow hits the ribbon worm.
The ribbon worm is almost dead.
You feel very sick. The ribbon worm closely misses you.
The goblin completely misses you.
You shoot an arrow.
The arrow hits the ribbon worm but does no damage.
The ribbon worm is almost dead.
You feel sick.
The ribbon worm expels a string of sticky webbing.
The stream of webbing hits you but does no damage.
You are caught in a web!
The goblin barely misses you.
You struggle to detach yourself from the web.
You feel sick. The goblin barely misses you. The ribbon worm barely misses you.
You struggle to detach yourself from the web.
You feel sick. The goblin barely misses you.
The ribbon worm bites you but does no damage.
You struggle to detach yourself from the web.
You feel sick. The goblin barely misses you. The ribbon worm barely misses you.
The web tears apart.
You feel sick. The goblin hits you but does no damage.
You are more poisoned.
The ribbon worm bites you.
1209 ||| READING scroll of teleportation.
As you read the scroll of teleportation, it crumbles to dust.
You feel strangely unstable.
You feel sick. The goblin barely misses you.
You shoot an arrow. The arrow hits the ribbon worm!
The ribbon worm is almost dead.
You feel sick.
The goblin hits you with a +1 dagger of venom.
The ribbon worm barely misses you.
You shoot an arrow.
The arrow barely misses the ribbon worm.
You die...

.................. ..............
.................#####...###..#.#
................................#
.................# ###...#.######
##############...# #.....#
........# ####.## ........# #...#
.......g# ##.###
......w@#####..######
.....###............# ...
#............# . #..............#
....#............#
#####............# #............#
#............# #............#


You could see a ribbon worm and a goblin.

Vanquished Creatures
  A dart slug (D:1)
  An endoplasm (D:1)
  A giant cockroach (D:1)
  5 goblins
  3 hobgoblins (D:1)
  4 jackals (D:1)
  3 quokkas (D:1)
  6 ball pythons
  4 bats
  A frilled lizard (D:1)
  A kobold (D:1)
  A rat (D:2)
31 creatures vanquished.

Notes
Turn   | Place    | Note
-------+----------+-------------------------------------------
     0 | D:1      | qw the Deep Elf Hunter began the quest for the Orb.
     0 | D:1      | Reached XP level 1. HP: 12/12 MP: 3/3
     0 | D:1      | 0 ||| qw: Version: 0.3-a-155-g5e7d8dd
     0 | D:1      | 0 ||| qw: Game counter: 867
     0 | D:1      | 0 ||| qw: Melee chars always use a shield: true
     0 | D:1      | 0 ||| qw: God list: Okawaru
     0 | D:1      | 0 ||| qw: Allow faded altars: false
     0 | D:1      | 0 ||| qw: Do Orc after clearing Dungeon:15 true
     0 | D:1      | 0 ||| qw: Do second Lair branch before Depths: true
     0 | D:1      | 0 ||| qw: Lair rune preference: random
     0 | D:1      | 0 ||| qw: Goals: Normal
     0 | D:1      | 0 ||| PLANNING D:1-11
    44 | D:1      | Reached XP level 2. HP: 13/16 MP: 4/4
    79 | D:1      | Reached skill level 6 in Ranged Weapons
   185 | D:1      | Found a faded altar of an unknown god.
   462 | D:1      | Reached XP level 3. HP: 20/20 MP: 5/5
   816 | D:1      | 816 ||| UPGRADING to +0 ring mail.
   826 | D:1      | 826 ||| DROPPING +0 leather armour.
   827 | D:1      | 827 ||| READING scroll labelled KOZOISTR VEPUVE.
   827 | D:1      | 827 ||| ENCHANTING +0 ring mail.
   828 | D:1      | 828 ||| READING scroll labelled PUNUDD QAREPH.
   828 | D:1      | 828 ||| IDENTIFYING dark potion
   829 | D:1      | 829 ||| READING scroll labelled YNITEDU LEOMYD.
   930 | D:1      | 930 ||| READING 2 scrolls labelled HITONKI ARGHICE.
   935 | D:1      | 935 ||| DROPPING scroll of butterflies.
  1208 | D:2      | HP: 5/20 [ribbon worm (4)]
  1209 | D:2      | 1209 ||| READING scroll of teleportation.
  1210 | D:2      | HP: 2/20 [poisoned by a goblin]
  1211 | D:2      | Succumbed to a goblin's poison

Levels and vault maps discovered:
D:1:      saegor_arrival_simple_e, layout_loops_ring, basic_ecumenical_altar,
          minmay_pentomino_p4
D:2:      layout_basic

Skill      XL: |  1  2 |
---------------+-------+-----
Ranged Weapons | 6 |  6.8
Fighting       | |  1.5
Dodging        | |  2.4
Stealth        | |  1.2

Action                     || total
---------------------------++-------
   Fire: Shortbow          ||    81
    Use: Scroll            ||     5
 Armour: Leather armour    ||    12
         Ring mail         ||    12
  Dodge: Dodged            ||    26

Table legend:
 A = Non-vault XP
 B = Vault XP
 C = Vault XP percentage of total XP
 D = Non-vault monster count
 E = Vault monster count
 F = Vault count percentage of total count
                 A         B        C        D         E       F
            +---------+---------+-------+---------+---------+-------
      Total |      50 |       5 |   9.1 |      28 |       3 |   9.7
            +---------+---------+-------+---------+---------+-------
        D:1 |      44 |       5 |  10.2 |      24 |       3 |  11.1
        D:2 |       6 |       0 |   0.0 |       4 |       0 |   0.0
            +---------+---------+-------+---------+---------+-------
